 Dungeon Crawl Stone Soup version 0.29.1-13-g9f3cf754e1 (webtiles) character file.

Game seed: 11432314021798696114

60 zlionsfan the Grasshopper (level 4, -5/31 HPs)
             Began as a Formicid Wanderer on Jan 27, 2023.
             Slain by Pargi (7 damage)
             ... in a sewer.
             The game lasted 00:06:59 (3254 turns).

zlionsfan the Grasshopper (Formicid Wanderer)       Turns: 3254, Time: 00:06:59

Health: -5/31      AC:  2    Str: 16    XL:     4   Next: 24%
Magic:  8/9        EV: 11    Int: 14    God:
Gold:   181        SH:  5    Dex: 13    Spells: 8/10 levels left

rFire   . . .      SeeInvis +   a - +0 flail
rCold   . . .      Faith    .   d - +0 buckler
rNeg    . . .      Spirit   .   c - +0 robe
rPois   .          Reflect  .   (helmet unavailable)
rElec   .          Harm     .   (no cloak)
rCorr   .          Rampage  .   (no gloves)
Will    .....                   (no boots)
Stlth   +.........              (no amulet)
HPRegen 0.10/turn               (no ring)
MPRegen 0.11/turn               (no ring)

@: very slightly contaminated
A: permanent stasis, dig shafts and tunnels, antennae 3, four strong arms
a: Dig


You were in a sewer.
You visited 1 branch of the dungeon, and saw 3 of its levels.
You also visited: Sewer.

You collected 181 gold pieces.

Inventory:

Hand Weapons
 a - a +0 flail (weapon)
Armour
 c - a +0 robe (worn)
 d - a +0 buckler (worn)
Scrolls
 e - a scroll of teleportation
 g - 2 scrolls of identify
Potions
 h - a potion of haste


   Skills:
 * Level 0.3 Fighting
 * Level 1.3 Maces & Flails
 + Level 0.3 Dodging
 + Level 0.6 Stealth
 + Level 3.3 Shields
 * Level 3.7 Spellcasting
 - Level 4.8 Translocations
 + Level 0.2 Transmutations


You had 8 spell levels left.
You knew the following spells:

 Your Spells              Type           Power      Damage    Failure   Level
a - Apportation           Tloc           32%        N/A       3%          1
b - Beastly Appendage     Tmut           6%         N/A       22%         1

Your spell library contained the following spells:

 Spells                   Type           Power      Damage    Failure   Level
 Gell's Gravitas          Tloc           16%        N/A       10%         3
 Lesser Beckoning         Tloc           16%        N/A       10%         3
 Teleport Other           Tloc           16%        N/A       10%         3
 Summon Small Mammal      Summ           8%         N/A       24%         1
 Portal Projectile        Hex/Tloc       18%        N/A       26%         3
 Spider Form              Tmut/Pois      2%         N/A       56%         3
 Call Canine Familiar     Summ           2%         N/A       58%         3
 Summon Guardian Golem    Hex/Summ       2%         N/A       58%         3


Dungeon Overview and Level Annotations

Branches:
Dungeon (3/15)              Sewer (1/1)

Altars:

Annotations:
Sewer Pargi


Innate Abilities, Weirdness & Mutations

You cannot be hasted, slowed, berserked, paralysed or teleported.
You can dig through walls and to a lower floor.
You have a pair of large antennae on your head. (SInv)
Your four strong arms can wield two-handed weapons with a shield.


Message History

As you read the scroll labelled XAMINTE WOUCS, it crumbles to dust.
It is a scroll of identify.
h - a potion of haste Pargi bites you.
Pargi closely misses you. Pargi barely misses you.
Pargi attacks as you move away! Pargi closely misses you. Pargi claws you.
Pargi barely misses you.
You enter the shallow water.
Moving in this stuff is going to be slow.
There is an empty arch of ancient stone here.
You hit Pargi.
Pargi is lightly wounded.
Pargi bites you but does no damage. Pargi claws you but does no damage.
Pargi completely misses you. Pargi bites you.
* * * LOW HITPOINT WARNING * * *
Pargi barely misses you. Pargi claws you but does no damage.
Casting: Beastly Appendage (safe; 22% risk of failure)
Confirm with . or Enter, or press ? or * to list all spells.
You miscast Beastly Appendage.
You are very lightly contaminated with residual magic.
Nothing appears to happen.
Pargi completely misses you. Pargi claws you.
* * * LOW HITPOINT WARNING * * *
Pargi claws you but does no damage.
You sock Pargi!
Pargi is moderately wounded.
Pargi bites you but does no damage. Pargi claws you.
* * * LOW HITPOINT WARNING * * *
Pargi closely misses you.
You hit Pargi.
Pargi is moderately wounded.
Pargi bites you but does no damage. Pargi claws you.
* * * LOW HITPOINT WARNING * * *
Pargi claws you.
* * * LOW HITPOINT WARNING * * *
You block Pargi's attack. x2; Pargi claws you but does no damage.
You hit Pargi.
Pargi is heavily wounded.
Pargi misses you. x2; You block Pargi's attack.
You hit Pargi.
Pargi is heavily wounded.
Pargi bites you!
You die...

###### ## #∩##.# .#
{ { #.##†# .#
#+##+##.##'##'##+#
.................#
~~~~~~~.T~~~~~~~~#~~
≈≈≈≈≈≈≈@≈≈≈≈≈≈≈≈≈#≈≈
~~~~~~~.~~~~~~~~~#~~
.................###
#+##+##+##+##+##+# {
{ {


You could see Pargi.

Vanquished Creatures
  An adder (D:2)
  2 worms (D:2)
  2 dart slugs
  3 ball pythons
  2 bats (D:1)
  2 endoplasms (D:1)
  8 giant cockroaches
  2 goblins (D:2)
  5 hobgoblins
  A kobold (D:1)
  2 quokkas (D:3)
  A frilled lizard (D:1)
  5 rats
36 creatures vanquished.

Notes
Turn   | Place    | Note
-------+----------+-------------------------------------------
     0 | D:1      | zlionsfan the Formicid Wanderer began the quest for the
                  | Orb.
     0 | D:1      | zlionsfan set off with the following items: a +0 club, a
                  | potion of curing, a +0 robe, a +0 buckler; and the
                  | following spells available to memorise: Apportation, Lesser
                  | Beckoning, Beastly Appendage, Portal Projectile, Spider
                  | Form.
     0 | D:1      | Reached XP level 1. HP: 13/13 MP: 4/4
     2 | D:1      | Learned a level 1 spell: Apportation
     4 | D:1      | Learned a level 1 spell: Beastly Appendage
   512 | D:1      | Reached XP level 2. HP: 12/19 MP: 6/6
  1838 | D:2      | Reached XP level 3. HP: 13/24 MP: 7/7
  2830 | D:2      | Reached skill level 1 in Maces & Flails
  3024 | D:3      | Reached XP level 4. HP: 14/31 MP: 9/9
  3207 | D:3      | Found a glowing drain.
  3230 | Sewer    | Entered a sewer
  3241 | Sewer    | Noticed Pargi
  3254 | Sewer    | Slain by Pargi

Illustrated notes

Levels and vault maps discovered:
D:1:      lightli_arrival_farm, layout_loops_ring,
          minmay_misc_feat_more_columns, serial_park_tiny_1
D:2:      layout_loops_ring, minmay_misc_feat_pillars,
          minmay_misc_feat_nine_boxes
D:3:      layout_loops_corners, serial_shops, shop, gup_sewer_entry_pipe,
          uniq_robin, uniq_sigmund
Sewer:    kennysheep_door_sewer

Skill      XL: |  1  2  3 |
---------------+----------+-----
Shields        | 3 |  3.3
Maces & Flails | 1 |  1.3
Fighting       | |  0.3
Dodging        | |  0.3
Stealth        | |  0.6
Spellcasting   | |  3.7
Translocations | |  4.8
Transmutations | |  0.2

Action                   |  1- 3 |  4- 6 || total
-------------------------+-------+-------++-------
Melee: Mace              |    77 |       ||    77
       Kick              |     6 |     1 ||     7
       Flail             |    42 |    34 ||    76
 Cast: Apportation       |     4 |       ||     4
       Beastly Appendage |     9 |     1 ||    10
  Use: Potion            |     2 |       ||     2
       Scroll            |       |     2 ||     2
 Stab: Sleeping          |     1 |     1 ||     2
Armor: Robe              |    20 |    16 ||    36
Dodge: Dodged            |    77 |    33 ||   110
Block: Buckler           |    35 |     9 ||    44
